 Dungeon Crawl Stone Soup version 0.30.0-29-ga12c61a403 (webtiles) character file.

Game seed: 16639703909053229591

213 Fodor the Covered (level 5, -2/70 HPs)
             Began as a Minotaur Fighter on June 11, 2023.
             Was an Initiate of Gozag.
             Frozen to death by benadryl's ghost (9 damage)
             ... on level 4 of the Dungeon.
             The game lasted 00:16:19 (3339 turns).

Fodor the Covered (Minotaur Fighter)                Turns: 3339, Time: 00:16:20

Health: -2/70      AC: 10    Str: 20    XL:     5   Next: 59%
Magic:  4/4        EV:  8    Int:  5    God:    Gozag
Gold:   342        SH:  5    Dex: 12    Spells: 4/4 levels left

rFire   . . .        a - +0 long sword
rCold   . . .        c - +0 buckler
rNeg    . . .        h - +1 chain mail
rPois   .            (helmet restricted)
rElec   .            (no cloak)
rCorr   .            (no gloves)
SInv    +            (no boots)
Will    .....        (no amulet) Stlth
                     b - ring of see invisible
HPRegen 0.31/turn    (no ring)
MPRegen 0.09/turn

%: no passive effects
@: mighty, berserking, slowed
A: horns 2, retaliatory headbutt
a: Renounce Religion, Potion Petition, Call Merchant, Bribe Branch


You were on level 4 of the Dungeon.
You worshipped Gozag.
Gozag was aware of your devotion.
You visited 1 branch of the dungeon, and saw 4 of its levels.

You collected 422 gold pieces.
You paid 80 gold pieces to Gozag.

Inventory:

Hand Weapons
 a - a +0 long sword (weapon)
Missiles
 i - 2 javelins (quivered)
 o - 42 stones
 s - 5 poisoned darts
Armour
 c - a +0 buckler (worn)
 h - a +1 chain mail (worn)
Jewellery
 b - a ring of see invisible (left hand)
Scrolls
 e - 2 scrolls of teleportation
 f - a scroll of amnesia
 k - a scroll of blinking
 n - a scroll of fear {unknown}
 p - a scroll of vulnerability
 r - a scroll of immolation
 t - a scroll of enchant weapon {unknown}
Potions
 d - 2 potions of might
 g - a potion of flight {unknown}
 l - a potion of heal wounds {unknown}
 m - a potion of cancellation {unknown}
 q - a potion of brilliance {unknown}


   Skills:
 + Level 4.5 Fighting
 + Level 4.6 Long Blades
 + Level 4.7 Armour
 + Level 1.8 Dodging
 + Level 0.2 Stealth
 + Level 4.3 Shields


You had 4 spell levels left.
You didn't know any spells.
Your spell library contained the following spells:

 Spells                   Type           Power      Damage    Failure   Level
 Blink                    Tloc           0%         N/A       100%        2
 Lesser Beckoning         Tloc           0%         N/A       100%        2
 Momentum Strike          Conj/Tloc      0%         3d8       100%        2
 Inner Flame              Hex/Fire       0%         N/A       100%        3
 Flame Wave               Conj/Fire      0%         2d4       100%        4
 Sticky Flame             Conj/Fire      0%         2d3       100%        4


Dungeon Overview and Level Annotations

Branches:
Dungeon (4/15)
 Temple: D:4-7

Altars:
Elyvilon
Gozag
Makhleb
Okawaru

Shops:
D:1 (

Portals:
Abyss: D:3

Annotations:
D:3 2 transporters, belegose's ghost, amateur DjHs
D:4 benadryl's ghost, novice DjIE


Innate Abilities, Weirdness & Mutations

You have a pair of horns on your head.
You reflexively headbutt those who attack you in melee.


Message History

Benadryl's ghost casts a spell at you.
You feel as though you will be slow longer.
You closely miss benadryl's ghost. Your headbutt misses benadryl's ghost.
Benadryl's ghost is heavily damaged.
Benadryl's ghost barely misses you. You block benadryl's ghost's attack.
You hit benadryl's ghost.
Benadryl's ghost is severely damaged.
Benadryl's ghost freezes you.
You are frozen!
* * * LOW HITPOINT WARNING * * *
Benadryl's ghost freezes you.
You are frozen!
* * * LOW HITPOINT WARNING * * *
Unknown command.
You feel very mighty all of a sudden. Benadryl's ghost hits you.
* * * LOW HITPOINT WARNING * * *
Benadryl's ghost burns you.
* * * LOW HITPOINT WARNING * * *
You feel mightier all of a sudden. Benadryl's ghost stares at you.
Benadryl's ghost hits you but does no damage.
Benadryl's ghost points at you and mumbles some strange words.
You feel as though you will be slow longer.
It was a potion of berserk rage.
A red film seems to cover your vision as you go berserk!
You feel yourself moving faster!
You feel mighty! You block benadryl's ghost's attack.
Unknown command.
Okay, then.
You are too berserk!
You miss benadryl's ghost.
Benadryl's ghost is severely damaged.
Benadryl's ghost hits you but does no damage. x2
You closely miss benadryl's ghost.
Benadryl's ghost is severely damaged.
Benadryl's ghost freezes you.
You are frozen!
You die...
Your body crumbles into a pile of gold.

#.#########.###.
#.##...........# #########
#......#######[. #.......#
#.##.#.# #.# #.#####.#
###.##.#.#######.#
#).....#######...##.#.#........
#.######.♣..(#...##.#......<...
#.# #.(...#...##.###.#####.#
#.# #...(.W@..##.# #.# #.# #.#
#(....'...##.###.#####.# #.####
#..(..'...##...........# #....#
#♣...(#...######.####### #.##.#
#.....#...# #.# ##.##.#
#########.# #.# #.....# #.# #.#
##.##.# #.# #># ####.#
######.######.#


You could see benadryl's ghost.

Vanquished Creatures
  A hound (D:4)
  A sleepcap (D:4)
  6 adders
  An ufetubus (D:4)
  2 worms (D:2)
  4 dart slugs
  7 orcs
  5 ball pythons
  6 endoplasms
  5 giant cockroaches
  5 goblins
  4 hobgoblins
  3 jackals (D:1)
  5 kobolds
  6 quokkas
  4 bats
  4 frilled lizards
  7 rats
76 creatures vanquished.

Notes
Turn   | Place    | Note
-------+----------+-------------------------------------------
     0 | D:1      | Fodor the Minotaur Fighter began the quest for the Orb.
     0 | D:1      | Reached XP level 1. HP: 19/19 MP: 0/0
   373 | D:1      | Reached XP level 2. HP: 24/26 MP: 1/1
   397 | D:1      | Found Gaoleu's Weapon Shoppe.
   979 | D:2      | Reached XP level 3. HP: 33/33 MP: 2/2
  1270 | D:2      | Reached skill level 1 in Dodging
  1454 | D:2      | Reached XP level 4. HP: 35/40 MP: 3/3
  1742 | D:3      | Found a transporter.
  1793 | D:3      | Found a one-way gate to the infinite horrors of the Abyss.
  1793 | D:3      | Noticed belegose's ghost (amateur DjHs)
  1802 | D:3      | Found a transporter.
  2061 | D:3      | Found a burning altar of Makhleb.
  2061 | D:3      | Found an iron altar of Okawaru.
  2067 | D:3      | Found a faded altar of an unknown god.
  2072 | D:3      | Found an opulent altar of Gozag.
  2074 | D:3      | Found a white marble altar of Elyvilon.
  2078 | D:3      | Became a worshipper of Gozag Ym Sagoz the Greedy
  2332 | D:3      | Noticed a small abomination
  2356 | D:3      | Noticed a small abomination
  2838 | D:4      | Reached XP level 5. HP: 45/46 MP: 4/4
  3265 | D:4      | Found a runed translucent gate.
  3266 | D:4      | Found a runed translucent gate.
  3266 | D:4      | Found a runed translucent gate.
  3267 | D:4      | Noticed benadryl's ghost (novice DjIE)
  3339 | D:4      | Frozen to death by benadryl's ghost

Illustrated notes

Levels and vault maps discovered:
D:1:      giann_horns, layout_loops_cross, serial_shops, shop
D:2:      layout_rooms, grunt_decor_cap
D:3:      layout_rooms, chequers_temple_overflow_minitemple,
          gammafunk_ghost_abyssal_escape, due_unseen_surprise
D:4:      layout_loops_ring, ebering_ghost_rock_garden, mrwooster_statue_mirror,
          minmay_fractal_squares_gapless_5

Skill      XL: |  1  2  3  4 |
---------------+-------------+-----
Shields        | 4 |  4.3
Armour         | 4 |  4.7
Long Blades    | 3 4 |  4.6
Dodging        | 1 |  1.8
Fighting       | 4 |  4.5
Stealth        | |  0.2

Action                     |  1- 3 |  4- 6 || total
---------------------------+-------+-------++-------
  Melee: Long sword        |    84 |   112 ||   196
         Headbutt          |    11 |    18 ||    29
    Use: Scroll            |       |     7 ||     7
         Potion            |       |     3 ||     3
 Armour: Scale mail        |     6 |       ||     6
         Chain mail        |    61 |    73 ||   134
  Dodge: Dodged            |    44 |    42 ||    86
  Block: Buckler           |    26 |    33 ||    59
